 Dungeon Crawl Stone Soup version 0.30-a0-782-ge64f9170bb (webtiles) character file.

Game seed: 7891259253075046568

887 Peppero the Trooper (level 8, -8/64 HPs)
             Began as a Djinni Conjurer on Mar 5, 2023.
             Was an Initiate of Ashenzari.
             Mangled by an ice beast (9 damage)
             ... on level 5 of the Dungeon.
             The game lasted 00:05:47 (4496 turns).

Peppero the Trooper (Djinni Conjurer)               Turns: 4496, Time: 00:05:48

Health: -8/64      AC:  2    Str:  6    XL:     8   Next: 26%
Gold:   101        EV: 17    Int: 22    God:    Ashenzari [......] SH:  0 Dex: 12

rFire   + + .      SeeInvis .    (no weapon)
rCold   x . .      Faith    .    (no shield)
rNeg    . . .      Spirit   .    a - +0 robe
rPois   ∞          Reflect  .    (no helmet)
rElec   .          Harm     .    (no cloak)
rCorr   .          Rampage  .    (no gloves)
Will    .....                    (boots unavailable)
Stlth   ++                       (no amulet)
HPRegen 0.30/turn                r - +4 ring of slaying
MPRegen 0.00/turn                o - +5 ring of evasion

@: flying, very slightly contaminated
A: sickness immunity, fire resistance 2, cold vulnerability 1, float, innate
caster, HP casting, extra vitality 1
a: Renounce Religion


You were on level 5 of the Dungeon.
You worshipped Ashenzari.
Ashenzari was noncommittal.
You visited 2 branches of the dungeon, and saw 6 of its levels.

You collected 101 gold pieces.

Inventory:

Armour
 a - a +0 robe (worn)
Jewellery
 o - a +5 ring of evasion (right hand)
 r - a +4 ring of slaying (left hand)
Scrolls
 b - a scroll of silence {unknown}
 c - 2 scrolls of immolation
 f - 2 scrolls of identify {unknown}
 i - a scroll of teleportation {unknown}
 j - 2 scrolls of magic mapping
 n - 2 scrolls of poison {unknown}
 p - a scroll of fog {unknown}
 q - a scroll of fear {unknown}
 s - a scroll of noise {unknown}
Potions
 d - 2 potions of attraction {unknown}
 e - a potion of might {unknown}
 g - a potion of curing {unknown}
 h - 3 potions of lignification {unknown}
 k - 3 potions of mutation {unknown}
 l - a potion of flight {unknown}
 m - a potion of heal wounds {unknown}


   Skills:
 * Level 7.1 Fighting
 - Level 2.1 Dodging
 - Level 1.5 Stealth
 + Level 5.1 Spellcasting


You couldn't memorise any spells.
You knew the following spells:

 Your Spells              Type           Power      Damage    Failure   Level
a - Magic Dart            Conj           100%       1d8       1%          1
b - Searing Ray           Conj           56%        2d6       1%          2
c - Dazzling Flash        Conj/Hex       56%        N/A       3%          3
d - Fulminant Prism       Conj/Hex       14%        3d8       12%         4
e - Iskenderun's Mystic   Conj/Tloc      28%        2d7       12%         4
f - Beastly Appendage     Tmut           56%        N/A       1%          1
g - Passwall              Tmut/Erth      23%        N/A       1%          2
h - Kindle Blastsparks    Fire/Tloc/Air  56%        2d14      3%          3
Your spell library was empty.

Dungeon Overview and Level Annotations

Branches:
Dungeon (5/15)             Temple (1/1) D:5

Altars:
Ashenzari
Cheibriados
Dithmenos
Elyvilon
Fedhas
Gozag
Hepliaklqana
Nemelex Xobeh
Okawaru
Qazlal
Ru
Uskayaw
Wu Jian
Xom
Yredelemnul
Zin
The Shining One

Annotations:
Temple 2 transporters


Innate Abilities, Weirdness & Mutations

You are immune to sickness and miasma.
You are immune to poison.
Your flesh is very heat resistant. (rF++)
You are vulnerable to cold. (rC-)
You float through the air rather than walking.
You learn spells naturally, not from books.
Your magical power is your life essence.
You have superior vitality. (+4 MHP)


Message History

You erupt in a blast of force!
The mystic blast hits the plant!
The plant is lightly damaged.
The mystic blast hits the plant!
The plant is lightly damaged.
The mystic blast hits the ice beast.
The ice beast is heavily wounded.
The ice beast is knocked back by the mystic blast.
The ice beast collides with the plant!
The plant is lightly damaged.
The ice beast is severely wounded.
Unknown command.
Casting: Iskenderun's Mystic Blast (dangerous; 12% risk of failure)
Confirm with . or Enter, or press ? or * to list all spells.
You miscast Iskenderun's Mystic Blast.
Nothing appears to happen.
A nearby plant withers and dies.
The ice beast hits you.
* * * LOW HITPOINT WARNING * * *
The ice beast freezes you!
You feel a terrible chill!
* * * LOW HITPOINT WARNING * * *
Unknown command.
Casting: Iskenderun's Mystic Blast (dangerous; 12% risk of failure)
Confirm with . or Enter, or press ? or * to list all spells.
You erupt in a blast of force!
The mystic blast hits the plant.
The plant is lightly damaged.
The mystic blast hits the ice beast!
The ice beast is almost dead.
The ice beast is knocked back by the mystic blast.
The ice beast collides with the plant!
The plant is lightly damaged.
* * * LOW HITPOINT WARNING * * *
You are no longer locked in place.
A nearby plant withers and dies.
Unknown command.
Casting: Iskenderun's Mystic Blast (dangerous; 12% risk of failure)
Confirm with . or Enter, or press ? or * to list all spells.
You miscast Iskenderun's Mystic Blast.
Nothing appears to happen.
* * * LOW HITPOINT WARNING * * *
The ice beast hits you.
* * * LOW HITPOINT WARNING * * *
The ice beast freezes you!
You feel a terrible chill!
You die...

**,,,** *,,,,,,,,******,****
**+** #........# *,* *,*
###........# *,* *,*
##.#........# *,* **,**
**#.§§P..o....# *,*
**,,,***,§§§PP.......# *.#****
*,,,,,**,#.#§§......#* *#.##..,
**,,,****§P§§....#.#* ####...#.#*
,,,,***,,.§§§.§Y@..# ##........#*
***,***,,P.PP......###..#.......,
*,,,,,,#..#..#.#.............#*
*,****,.#.P..P###.)8.8.8...#,*
*,* *,P.P..#.,*##..⌠.⌠..###,* *,*
**##...##** #.8.>.8.# *,** *,*
#..,* #..⌠.⌠..##*,,, *,*
****##.** #.8.8.8..##*** *,*
*,,,,,,,* #.........####


You could see an ice beast and an orc.

Vanquished Creatures
  2 black bears (D:4)
  A phantom (D:4)
  A necrophage (D:4)
  2 scorpions
  A bullfrog zombie (D:4)
  2 hounds (D:4)
  6 orc priests
  An iguana (D:4)
  7 adders
  An adder zombie (D:4)
  3 worms
  2 dart slugs (D:2)
  16 orcs
  2 ball pythons
  5 bats
  7 endoplasms
  A giant cockroach (D:1)
  4 goblins
  5 hobgoblins
  3 jackals (D:1)
  3 quokkas
  4 frilled lizards (D:3)
  6 kobolds
  6 rats
91 creatures vanquished.

Vanquished Creatures (others)
  A fulminant prism (D:5)
  3 plants (D:5)
4 creatures vanquished.

Grand Total: 95 creatures vanquished

Notes
Turn   | Place    | Note
-------+----------+-------------------------------------------
     0 | D:1      | Peppero the Djinni Conjurer began the quest for the Orb.
     0 | D:1      | Peppero set off with the following spells memorised: Magic
                  | Dart, Searing Ray, Dazzling Flash, Fulminant Prism,
                  | Iskenderun's Mystic Blast.
     0 | D:1      | Reached XP level 1. HP: 15/15 MP: 0/0
   195 | D:1      | Reached skill level 1 in Fighting
   195 | D:1      | Reached XP level 2. HP: 17/22 MP: 0/0
   618 | D:1      | Reached XP level 3. HP: 14/28 MP: 0/0
   618 | D:1      | Learned a level 1 spell: Beastly Appendage
  1099 | D:2      | Reached skill level 2 in Fighting
  1263 | D:2      | Reached XP level 4. HP: 32/34 MP: 0/0
  1684 | D:2      | Found a faded altar of an unknown god.
  1772 | D:3      | Reached skill level 3 in Fighting
  2019 | D:3      | Reached XP level 5. HP: 37/40 MP: 0/0
  2019 | D:3      | Learned a level 2 spell: Passwall
  2245 | D:3      | Reached skill level 4 in Fighting
  2297 | D:3      | Reached XP level 6. HP: 26/47 MP: 0/0
  3032 | D:4      | Reached skill level 5 in Fighting
  3089 | D:4      | Reached XP level 7. HP: 37/54 MP: 0/0
  3089 | D:4      | Learned a level 3 spell: Kindle Blastsparks
  3570 | D:4      | Found a basalt altar of Yredelemnul.
  3659 | D:4      | Reached skill level 6 in Fighting
  3848 | D:4      | Reached XP level 8. HP: 46/62 MP: 0/0
  3948 | D:4      | Reached skill level 5 in Spellcasting
  4061 | D:4      | Reached skill level 7 in Fighting
  4324 | D:5      | Entered Level 5 of the Dungeon
  4324 | D:5      | Found a staircase to the Ecumenical Temple.
  4356 | Temple   | Entered the Ecumenical Temple
  4356 | Temple   | Found a transporter.
  4356 | Temple   | Found a transporter.
  4396 | Temple   | Found a transporter.
  4396 | Temple   | Found a transporter.
  4416 | Temple   | Became a worshipper of Ashenzari the Shackled
  4463 | D:5      | Found a hazy altar of Hepliaklqana.
  4496 | D:5      | HP: 1/64 [ice beast (3)]
  4496 | D:5      | Mangled by an ice beast

Illustrated notes

Levels and vault maps discovered:
D:1:      dpeg_arrival_rooms_b, layout_basic, minivault_27,
          chequers_serial_rivers_room_b
D:2:      layout_rooms, shapermc_ecumenical_altar_mp_vishouse
D:3:      layout_basic, grunt_ministairs_8
D:4:      layout_loops_ring, lemuel_zombie_altar_yredelemnul,
          kennysheep_small_spiral, eino_tiny_chamber
D:5:      layout_loops_corners, nicolae_hepliaklqana_hazy_memory,
          minmay_temple_entry_statues_fountains
Temple:   hellmonk_temple_divided_pantheon

Skill      XL: |  1  2  3  4  5  6  7  8 |
---------------+-------------------------+-----
Fighting       | 1 2 3 4 5 6 7 |  7.1
Spellcasting   | 4 5 |  5.1
Dodging        | |  2.1
Stealth        | |  1.5

Action                     |  1- 3 |  4- 6 |  7- 9 || total
---------------------------+-------+-------+-------++-------
  Melee: Unarmed           |       |       |     1 ||     1
   Cast: Magic Dart        |    58 |    84 |    58 ||   200
         Searing Ray       |       |    15 |     5 ||    20
         Iskenderun's Myst |       |       |    12 ||    12
         Kindle Blastspark |       |       |     3 ||     3
         Fulminant Prism   |       |       |     1 ||     1
    Use: Scroll            |       |       |     2 ||     2
 Armour: Robe              |     1 |       |     1 ||     2
  Dodge: Dodged            |     5 |     6 |    32 ||    43

Table legend: (Time is in decaauts)
 A = Elapsed time spent in this place.
 B = Non-inter-level travel time spent in this place.
 C = Inter-level travel time spent in this place.
 D = Time resting spent in this place.
 E = Time spent auto-exploring this place.
 F = Levels seen in this place.
 G = Mean time per level.
                   A        B        C        D        E       F      G
               +--------+--------+--------+--------+--------+-----+--------+
         Total |   4495 |   4418 |     77 |    164 |   3657 |   6 |  749.2 |
       Dungeon |   4394 |   4317 |     77 |    164 |   3618 |   5 |  878.8 |
        Temple |    101 |    101 |      0 |      0 |     39 |   1 |  101.0 |
               +--------+--------+--------+--------+--------+-----+--------+

Top non-repeatable levels by time:
     D:4: 1364 daAuts
     D:3: 1231 daAuts
     D:1: 1097 daAuts
     D:2: 628 daAuts
  Temple: 101 daAuts
     D:5: 71 daAuts
